[Event "CCT Chessable Masters D-II 2024"]
[Site "Online"]
[Date "2024.02.02"]
[Round "1"]
[White "tptagain"]
[Black "LevonAronian"]
[Result "1-0"]
[ECO "C65"]
[WhiteElo "2661"]
[BlackElo "2742"]
[Annotator "TA"]
[PlyCount "113"]
[EventDate "2024.01.12"]
[EventType "k.o."]
[EventCountry "NET"]
[SourceTitle "playchess.com"]
[Source "ChessBase"]
[SourceQuality "1"]
[TimeControl "600+2"]

1. e4 e5 2. Nf3 Nc6 3. Bb5 Nf6 4. d3 d6 5. O-O Bd7 6. c3 g6 7. d4 {[%emt 0:00:16] C65: Ruy Lopez: Berlin Defence (3...Nf6), unusual lines and 4 0-0 Bc5.} Bg7 8. h3 $146 ({Predecessor:} 8. d5 Ne7 9. Bxd7+ Nxd7 10. c4 O-O 11. Nc3 h6 12. a3 a5 13. Rb1 f5 14. b4 axb4 15. axb4 {1-0 Nakamura,H (2736)-Kamsky,G (2662) Titled Tuesday intern op 19th Oct blitz 2021 (5)}) 8... Nxe4 9. Re1 f5 10. Qb3 Qe7 11. Be3 a6 12. Bf1 b5 13. a4 b4 14. a5 g5 15. Nbd2 Nxd2 16. Bxd2 h6 17. d5 Nd8 18. cxb4 e4 19. Rac1 c5 20. dxc6 Bxc6 21. b5 axb5 {[%emt 0:00:13] [#]} 22. Rxc6 $1 (22. Bxb5 Bxb5 23. Qxb5+ Qd7 $18) 22... Nxc6 23. Bxb5 Rc8 24. Qd5 Qd7 (24... Kd7 $142 25. Rc1 (25. Qxf5+ Qe6 $16) 25... Qe6 26. Bxc6+ Ke7) 25. Bc3 $18 Bxc3 26. bxc3 Kd8 27. Nd4 Re8 28. Bxc6 (28. Nxc6+ $142 Kc7 29. Nb4) 28... Re5 $18 29. Bxd7 Rxd5 30. Bxc8 Kxc8 31. Ra1 Kb7 32. a6+ Ka8 33. Nc6 Rc5 34. Nd4 $2 (34. Ne7 $18) 34... f4 $2 (34... Rd5 $1 $11 35. Rb1 Rc5) 35. Ra3 $18 Ka7 36. g3 h5 37. Kg2 Rc4 38. h4 f3+ 39. Kf1 g4 40. Ke1 e3 41. fxe3 (41. Nb5+ $142 Ka8 42. fxe3 (42. Nxd6 Rc6 $18) 42... Rc5 43. Ra5 (43. Nxd6 Rd5 $18) 43... Rc8 44. a7 (44. Nxd6 Rxc3 45. Kd2 Rc6 $18) 44... Rc6 45. Kf1 Rc5 46. e4) 41... Rc5 42. Kf2 d5 43. Ke1 Rc8 44. Nb5+ Ka8 45. a7 Rc5 46. Nd4 Rc7 47. Ne6 Rb7 48. Ra1 Re7 49. Nf4 Rxe3+ 50. Kd2 (50. Kf2 $142 Re7 51. Nxd5 Rb7 52. Ke3 Rxa7 53. Rxa7+ Kxa7 54. Nf6 Kb6 55. Nxh5) 50... Re5 $18 51. Kd3 Rf5 52. Ke3 Re5+ 53. Kd4 (53. Kf2 $142 Re7 54. Nxd5 Rxa7 55. Rxa7+ Kxa7 56. Nf6 Kb8 57. Nxh5 Kc7 58. Nf4 (58. Nf6 Kd6 59. h5 Ke7 60. Nxg4 Kf8 61. c4 Kg7 62. Kxf3 Kg8)) 53... Re4+ $18 54. Kd3 Re5 55. Ra2 Re1 56. Nxd5 Rd1+ 57. Kc4 1-0

[Event "CCT Chessable Masters D-II 2024"]
[Site "Online"]
[Date "2024.02.02"]
[Round "1"]
[White "Sam_ChessMood"]
[Black "shimastream"]
[Result "1/2-1/2"]
[ECO "C65"]
[WhiteElo "2653"]
[BlackElo "2640"]
[Annotator "TA"]
[PlyCount "123"]
[EventDate "2024.01.12"]
[EventType "k.o."]
[EventCountry "NET"]
[SourceTitle "playchess.com"]
[Source "ChessBase"]
[SourceQuality "1"]
[TimeControl "600+2"]

1. e4 e5 2. Nf3 Nc6 3. Bb5 Bc5 4. c3 Nf6 5. O-O O-O 6. d4 Bb6 7. Re1 d6 8. h3 h6 {[%emt 0:00:50] has lost popularity (8...Bd7).} 9. a4 {[%emt 0:00:31] C65: Ruy Lopez: Berlin Defence (3...Nf6), unusual lines and 4 0-0 Bc5.} a5 10. Be3 exd4 11. cxd4 Nb4 12. Nc3 c6 13. Bd3 Nxd3 14. Qxd3 Be6 $146 ({Predecessor:} 14... d5 15. e5 Ne8 16. Nh2 f5 17. f4 Nc7 18. Kh1 Qh4 19. Rg1 Bd7 20. Raf1 Rf7 {1-0 Kokkila,T (2288)-Ovod,E (2409) FIN-chT 0607 2006 (7.3)}) 15. Rad1 Re8 16. Nd2 d5 17. e5 Nh7 18. Ne2 Qd7 19. Ng3 Bd8 20. f4 Bh4 21. Ndf1 f5 22. Bf2 Be7 23. Ne3 Rf8 24. Ne2 Rf7 25. Rf1 Kh8 26. Be1 g6 27. Kh1 Bd8 28. Bd2 Bc7 29. Ra1 Rg8 30. b4 axb4 31. Bxb4 Ra8 32. a5 Nf8 33. Rfb1 Qc8 34. Ra3 Bd7 35. Rba1 Ne6 36. a6 bxa6 37. Rxa6 (37. Ba5 {looks sharper.} Rf8 38. Kg1 Kg7 39. Bb4) 37... Rxa6 38. Qxa6 Qxa6 39. Rxa6 Rg7 40. h4 h5 41. Bd6 (41. Nc2 $14) 41... Bxd6 $11 42. exd6 Rg8 43. Ra7 Rd8 44. Nc2 Be8 45. Nb4 Rxd6 46. Nd3 Rd7 47. Ra8 Rd8 48. Ra7 Rd7 49. Ra6 Rb7 50. Ra8 Nc7 51. Rc8 Kg8 52. Nc5 Ra7 53. Ng1 Kf7 54. Nf3 Ke7 55. Ne5 Ra1+ 56. Kh2 Nb5 57. Nf3 (57. Nxc6+ $11 Bxc6 58. Rxc6) 57... Ra7 (57... Rc1 $15 58. Nd3 Rd1) 58. Rb8 $1 $11 Nd6 59. Ne5 Nb5 60. Nf3 Nd6 61. Ne5 Nb5 62. Nf3 1/2-1/2

[Event "CCT Chessable Masters D-II 2024"]
[Site "Online"]
[Date "2024.02.02"]
[Round "1"]
[White "Mamedov, Rauf"]
[Black "GMBenjaminBok"]
[Result "1/2-1/2"]
[ECO "A07"]
[WhiteElo "2651"]
[BlackElo "2626"]
[Annotator "TA"]
[PlyCount "58"]
[EventDate "2024.01.12"]
[EventType "k.o."]
[EventCountry "NET"]
[SourceTitle "playchess.com"]
[Source "ChessBase"]
[SourceQuality "1"]
[TimeControl "600+2"]

1. Nf3 d5 2. g3 g6 3. Bg2 Bg7 4. O-O e5 5. d3 Nc6 6. e4 {[%emt 0:00:01] The position is equal.} dxe4 7. dxe4 Qxd1 8. Rxd1 Bg4 9. c3 {[%emt 0:00:09] Prevents Nd4.} Nf6 10. Nbd2 O-O 11. h3 Be6 12. Ng5 Bd7 13. Nc4 Rfd8 14. Be3 h6 15. Nf3 Nxe4 16. Nfxe5 Nxe5 17. Nxe5 Bxe5 18. Bxe4 Bxh3 19. Bxh6 c6 20. Bg5 Rxd1+ 21. Rxd1 Be6 22. a3 Kg7 23. Kg2 a6 24. Be3 f5 25. Bf3 Kf7 26. Be2 Bd5+ 27. Bf3 Be6 28. Be2 Bd5+ 29. Bf3 Be6 {[%emt 0:00:01] A rather calm draw.   Weighted Error Value: White=0.01 (flawless) /Black=0.01 (flawless) .  OK:         	White=13    	Black=15} 1/2-1/2

[Event "CCT Chessable Masters D-II 2024"]
[Site "Online"]
[Date "2024.02.02"]
[Round "1"]
[White "GMBenjaminBok"]
[Black "Mamedov, Rauf"]
[Result "1-0"]
[ECO "E63"]
[WhiteElo "2640"]
[BlackElo "2651"]
[Annotator "ChessBase"]
[PlyCount "247"]
[EventDate "2024.01.12"]
[EventType "k.o."]
[EventCountry "NET"]
[SourceTitle "playchess.com"]
[Source "ChessBase"]
[SourceQuality "1"]
[TimeControl "600+2"]

1. d4 Nf6 2. c4 d6 3. Nf3 g6 4. g3 Bg7 5. Bg2 O-O 6. Nc3 Nc6 7. O-O Bf5 8. b3 a6 9. Bb2 Rb8 10. Rc1 Re8 11. d5 Na7 12. Nd4 Bd7 13. e4 c5 14. dxc6 bxc6 15. e5 dxe5 16. Nf3 e4 17. Ng5 e3 18. fxe3 Qa5 19. Nge4 Nxe4 20. Bxe4 Bh3 21. Bg2 Rbd8 22. Qf3 Bf5 23. Rf2 Rd3 24. Na4 Bh6 25. Re2 Qb4 26. Rf1 Red8 27. Bh3 f6 28. Bxf5 gxf5 29. Kg2 e5 30. Qxf5 Bg7 31. Qe6+ Kh8 32. Rxf6 R3d6 33. Qxe5 Bxf6 34. Qxf6+ Rxf6 35. Bxf6+ Kg8 36. Bxd8 Nc8 37. Bf6 Qf8 38. Rf2 Qd6 39. Bd4 Ne7 40. Nc5 Qg6 41. Nd7 Qe4+ 42. Kg1 Qb1+ 43. Kg2 Nf5 44. Nf6+ Kf7 45. Nxh7 Ke7 46. Bc5+ Kd8 47. Ng5 Qd3 48. e4 Ne3+ 49. Bxe3 Qxe3 50. h4 Ke8 51. Nf3 Qxe4 52. h5 Kf8 53. Kh2 Kg7 54. Nh4 a5 55. Nf5+ Kh7 56. Nh4 a4 57. bxa4 Qxc4 58. a5 Qb5 59. Rc2 c5 60. Nf3 Qxa5 61. Ng5+ Kh8 62. Ne4 Qa4 63. Re2 Qc4 64. Re1 Qxa2+ 65. Kh3 c4 66. Re3 Qb1 67. Kg4 Qd1+ 68. Kf4 Qc1 69. g4 Kg7 70. g5 Qf1+ 71. Rf3 Qh1 72. Kg4 Qg2+ 73. Kf4 Qg1 74. Ke5 Qa1+ 75. Kf5 Qa5+ 76. Kf4 Qd5 77. Re3 Qd4 78. Rf3 Qg1 79. Kf5 Qd1 80. h6+ Kg8 81. Re3 Qd5+ 82. Kf4 Qd4 83. Rf3 Kh7 84. Kf5 Qd5+ 85. Kf4 Kg6 86. Re3 Qd4 87. Rf3 Qg1 88. Ke5 Qa1+ 89. Ke6 Qa6+ 90. Ke5 Qa1+ 91. Ke6 Qe1 92. Ke5 Qe2 93. Rf6+ Kh7 94. Rf7+ Kg8 95. h7+ Kh8 96. g6 Qh5+ 97. Kf6 Qh4+ 98. Ke5 Qh2+ 99. Ke6 Qh3+ 100. Ke5 Qh6 101. Kf5 Qh3+ 102. Ke5 Qc8 103. Nd6 Qc5+ 104. Ke6 Qe3+ 105. Kd7 Qh3+ 106. Kd8 Qh4+ 107. Ke8 Qh5 108. Rf8+ Kg7 109. h8=Q+ Qxh8 110. Rxh8 Kxh8 111. Nxc4 Kg7 112. Ne5 Kf6 113. Kf8 Kxe5 114. g7 Kf6 115. g8=Q Ke5 116. Qg6 Kf4 117. Ke7 Ke3 118. Qg4 Kf2 119. Kd6 Ke1 120. Qg2 Kd1 121. Kd5 Kc1 122. Kd4 Kb1 123. Kc3 Ka1 124. Qb2# 1-0

[Event "CCT Chessable Masters D-II 2024"]
[Site "Online"]
[Date "2024.02.02"]
[Round "1"]
[White "shimastream"]
[Black "Sam_ChessMood"]
[Result "1/2-1/2"]
[ECO "A20"]
[WhiteElo "2640"]
[BlackElo "2653"]
[Annotator "TA"]
[PlyCount "76"]
[EventDate "2024.01.12"]
[EventType "k.o."]
[EventCountry "NET"]
[SourceTitle "playchess.com"]
[Source "ChessBase"]
[SourceQuality "1"]
[TimeControl "600+2"]

1. c4 e5 2. g3 c6 3. Nf3 e4 4. Nd4 d5 5. cxd5 Qxd5 6. Nc2 Nf6 7. Nc3 Qe5 8. Bg2 Na6 9. O-O Be7 10. Nxe4 Nxe4 11. f4 $1 Qd5 {[%emt 0:00:06] [#] And now ...Bc5+ would win.} 12. d3 Bc5+ 13. Ne3 Bf5 {[%emt 0:00:28] Hoping for ...0-0-0.} 14. dxe4 (14. Qa4 {keeps more tension.} Nb4 15. Qxb4 Bxb4 16. Nxd5 cxd5 17. dxe4 Bc5+ 18. e3) 14... Bxe4 15. Qxd5 cxd5 16. Bxe4 dxe4 17. a3 {[%emt 0:00:02] Repels Nb4} O-O-O 18. Kg2 Rhe8 19. b4 Bd4 20. Ra2 Nc7 21. Nc4 b5 22. Na5 Bb6 23. Nb3 Rd5 24. Rc2 Kb7 25. Bd2 Ne6 26. Rfc1 Red8 27. Be1 Rd1 28. Bf2 Rxc1 29. Rxc1 f5 30. Kf1 h5 31. h4 g6 32. Kg2 Rc8 33. Rxc8 {[%emt 0:00:12] The position is equal.} Kxc8 34. Bxb6 axb6 $11 {[%emt 0:00:00] KN-KN} 35. Kf2 Kd7 36. Ke3 Kd6 37. Nd4 Nxd4 38. Kxd4 Ke6 {[%emt 0:00:01] Weighted Error Value: White=0.04 (flawless) /Black=0.04 (flawless) .  Inaccurate:     	White=1     	Black=1      OK:         	White=19    	Black=12     Best:        	White=3     	Black=1      Strong:       	White=1     	---} 1/2-1/2

[Event "CCT Chessable Masters D-II 2024"]
[Site "Online"]
[Date "2024.02.02"]
[Round "1"]
[White "shimastream"]
[Black "Sam_ChessMood"]
[Result "0-1"]
[ECO "A09"]
[WhiteElo "2640"]
[BlackElo "2653"]
[Annotator "TA"]
[PlyCount "138"]
[EventDate "2024.01.12"]
[EventType "k.o."]
[EventCountry "NET"]
[SourceTitle "playchess.com"]
[Source "ChessBase"]
[SourceQuality "1"]
[TimeControl "600+2"]

1. Nf3 d5 2. g3 g6 3. c4 dxc4 4. Na3 Bg7 5. Nxc4 Nc6 6. Bg2 {[%emt 0:00:03] A09: Réti Opening: 1 Nf3 d5 2 c4.} e5 7. d3 e4 8. dxe4 Qxd1+ 9. Kxd1 Nf6 10. Nfe5 Nxe5 11. Nxe5 Nxe4 12. Bxe4 Bxe5 13. Kc2 c6 14. Bd2 $146 ({Predecessor:} 14. f4 Bg7 15. Bf3 f5 16. Be3 Be6 17. Rad1 Kf7 18. Bd4 Rhd8 19. Bxg7 Kxg7 20. a3 {1-0 Pantsulaia,L (2553)-Vogel,R (2454) Titled Tuesday intern op 20th Oct blitz 2020 (10)}) 14... Be6 15. Bc3 Bxc3 16. Kxc3 O-O-O 17. Rhd1 Kc7 18. a3 a5 19. h4 b5 20. Rxd8 Rxd8 21. b4 Ra8 22. Kb2 Kb6 23. Rc1 Bc4 24. bxa5+ Rxa5 25. Bd3 Be6 26. h5 c5 27. hxg6 hxg6 28. Rd1 Kc7 29. Bb1 Ra8 30. Be4 Re8 31. Bf3 g5 32. e3 Rh8 33. Rh1 Rxh1 34. Bxh1 g4 35. Be4 b4 36. axb4 cxb4 37. Bc2 Kd6 38. Bd1 Kc5 39. f3 gxf3 40. Bxf3 Kc4 41. Be2+ Kd5 42. Bd3 Ke5 43. Bb1 Bd5 44. Bc2 f6 45. Bd3 $1 Be6 46. Bc2 Bf5 47. Bd1 Be6 48. Bc2 Kd6 49. Bd3 Kc5 50. Be2 Bc4 51. Bf3 Bd3 52. Bg4 Be4 53. Be2 Bd5 54. Bd3 Kd6 55. Bc2 Ke7 56. Bd3 Kf7 57. Kc1 Kg7 58. Kd2 Kh6 59. Be2 Kg5 60. Kd3 Be6 61. Kd4 Bf7 62. Bd1 Bh5 63. Bxh5 Kxh5 64. Kc4 Kg4 65. Kxb4 Kf3 66. Kc3 Kxe3 67. g4 $2 (67. Kc4 $11) 67... Kf4 68. Kd3 Kxg4 69. Ke2 Kg3 0-1

[Event "CCT Chessable Masters D-II 2024"]
[Site "Online"]
[Date "2024.02.02"]
[Round "1"]
[White "GMBenjaminBok"]
[Black "Mamedov, Rauf"]
[Result "1/2-1/2"]
[ECO "E04"]
[WhiteElo "2628"]
[BlackElo "2651"]
[Annotator "TA"]
[PlyCount "93"]
[EventDate "2024.01.12"]
[EventType "k.o."]
[EventCountry "NET"]
[SourceTitle "playchess.com"]
[Source "ChessBase"]
[SourceQuality "1"]
[TimeControl "600+2"]

1. d4 d5 2. c4 e6 3. Nf3 Nf6 4. g3 dxc4 5. Bg2 Nc6 6. Qa4 Bb4+ 7. Bd2 Nd5 8. Bxb4 Ndxb4 9. O-O O-O 10. a3 Nd5 11. Qxc4 Nb6 12. Qd3 (12. Qc3 $16) 12... Qe7 13. Nc3 Rd8 {[%emt 0:00:03][%cal Oc6d4] White is slightly better.} 14. Qe4 a5 15. Rfd1 a4 16. Rac1 {[%emt 0:00:04] White is more active.} Bd7 17. e3 Be8 18. h4 h6 19. Qf4 Ra5 20. Qe4 Raa8 $1 21. Qc2 Na5 22. Ne5 Nb3 23. Rb1 c5 24. dxc5 Nxc5 25. Rxd8 Rxd8 26. Rd1 Rc8 27. Qe2 Rd8 28. Rd2 Qc7 {[%emt 0:00:20] The position is equal.} 29. Rxd8 Qxd8 30. Nc4 Nxc4 31. Qxc4 b6 32. Qe2 {[%emt 0:00:08] Wards off Qd2} Qd6 33. Bf3 g5 34. hxg5 hxg5 35. Qd1 Qd3 36. Be2 Qxd1+ 37. Bxd1 $11 {[%emt 0:00:01][%mdl 4096] Endgame. KBN-KBN} Kf8 38. Kf1 Ke7 39. Ke2 f5 40. Kd2 g4 41. Bc2 Bc6 {[%emt 0:00:02] Repels e4} 42. Ke2 Kd6 43. Kd2 Ke5 44. Bd1 Kd6 45. Bc2 Ke5 46. Bd1 Kd6 47. Bc2 {[%emt 0:00:01] Weighted Error Value: White=0.12 (very precise) /Black=0.08 (flawless) .  Mistake:       	White=1     	---        Inaccurate:     	White=3     	Black=3      OK:         	White=6     	Black=13     Strong:       	---       	Black=1} 1/2-1/2

[Event "CCT Chessable Masters D-II 2024"]
[Site "Online"]
[Date "2024.02.02"]
[Round "1"]
[White "Micki-taryan"]
[Black "Sibelephant"]
[Result "1/2-1/2"]
[ECO "E11"]
[WhiteElo "2620"]
[BlackElo "2793"]
[Annotator "TA"]
[PlyCount "94"]
[EventDate "2024.01.12"]
[EventType "k.o."]
[EventCountry "NET"]
[SourceTitle "playchess.com"]
[Source "ChessBase"]
[SourceQuality "1"]
[TimeControl "600+2"]

1. d4 Nf6 2. c4 e6 3. Nf3 Bb4+ 4. Bd2 Bxd2+ 5. Qxd2 d5 6. Nc3 O-O 7. e3 Qe7 8. cxd5 exd5 9. Rc1 Bf5 10. Bd3 Bxd3 11. Qxd3 c6 12. O-O Nbd7 13. Nd2 Rfe8 {[%emt 0:00:56] [#]} 14. b4 $1 b5 (14... a6 15. a4) 15. a4 a6 16. Na2 Rec8 17. a5 Ne8 18. e4 (18. Nb3 $14) 18... dxe4 $11 19. Nxe4 Nef6 20. Nc5 Nd5 {[%emt 0:00:21] Strongly threatening ...Nf4.} 21. Rfe1 Nxc5 22. bxc5 Qc7 23. Qd2 b4 24. Rb1 (24. Nxb4 $15 Qxa5 25. Rc4) 24... Qxa5 $17 {[%emt 0:00:08] ...Re8 would now be deadly.} 25. Nxb4 Rcb8 26. Qa2 Qxa2 27. Nxa2 a5 28. g3 a4 29. Red1 (29. Kf1 $17) 29... Rb3 30. Kf1 f6 31. Ra1 a3 32. Nc1 Rb4 33. Rd3 Kf7 ({Black should try} 33... Rb2 $19 {Hoping for ...a2.} 34. Rb3 (34. Raxa3 $2 {loses.} Rxa3 35. Rxa3 Rb1 $19) 34... Rc2) 34. Kg2 (34. Ke1 $17) 34... Rc4 $19 35. Ne2 a2 {[%emt 0:00:03] Threatens to win with ...Rc2.} 36. Rd2 Nb4 37. Rb2 Ra4 {[%emt 0:00:04] [#] aiming for ...Rc2.} 38. Nc1 Nc2 $2 (38... Rxd4 $17 {And now ...Rd1 would win.} 39. Nxa2 Rc4) 39. Raxa2 {[%emt 0:00:03] The position is equal.} Rxa2 (39... Nxd4 40. Rb7+ Kf8 41. Rxa4 Rxa4 42. Nd3) 40. Nxa2 Nxd4 $11 {[%emt 0:00:01][%cal Of7e6][%mdl 4096] Endgame. KRN-KRN} 41. Rb7+ Kg6 42. Rb4 Rxb4 43. Nxb4 Kf5 44. f3 Nb3 45. Nxc6 Nxc5 46. Nd4+ Ke5 47. Ne2 Ne6 {[%emt 0:00:01] Whites escaped into a draw.   Weighted Error Value: White=0.21 (precise) /Black=0.20 (precise) .  Mistake:       	White=4     	Black=2      Inaccurate:     	White=4     	Black=3      OK:         	White=14    	Black=21     Best:        	White=4     	Black=1} 1/2-1/2

[Event "CCT Chessable Masters D-II 2024"]
[Site "Online"]
[Date "2024.02.02"]
[Round "1"]
[White "Vokhidov, Shamsiddin"]
[Black "Sevian, Samuel"]
[Result "0-1"]
[ECO "C66"]
[WhiteElo "2596"]
[BlackElo "2697"]
[Annotator "TA"]
[PlyCount "96"]
[EventDate "2024.01.12"]
[EventType "k.o."]
[EventCountry "NET"]
[SourceTitle "playchess.com"]
[Source "ChessBase"]
[SourceQuality "1"]
[TimeControl "600+2"]

1. e4 e5 2. Nf3 Nc6 3. Bb5 Nf6 4. d3 d6 5. O-O Bd7 6. Re1 {[%emt 0:00:08] C66: Ruy Lopez: Steinitz Defence.} g6 $1 {[%emt 0:00:01] The main line 6...g6 scores better than 6...Be7.} 7. d4 Bg7 8. d5 Ne7 9. Bxd7+ Nxd7 10. c4 h6 11. Nc3 f5 12. Rb1 O-O 13. b4 Nf6 14. Qd3 $146 ({Predecessor:} 14. Ba3 a5 15. bxa5 Nxe4 16. Nxe4 fxe4 17. Rxe4 Rxa5 18. Qb3 Qa8 19. Bc1 Rxa2 20. Qxb7 Qxb7 21. Rxb7 {0-1 Rozentalis,E (2535)-Van Foreest,J (2595) FRA-chT Top 12 2017 (5.4)}) 14... f4 15. c5 g5 16. Nd2 Ng6 17. Nc4 Rf7 18. c6 b6 19. f3 h5 20. Kf2 g4 21. Ke2 Nh4 22. Rg1 Nh7 23. Kd1 Ng5 24. Nd2 Bf6 25. Kc2 Rg7 26. Bb2 Qc8 27. Ne2 gxf3 28. Nxf4 (28. Nxf3 Ngxf3 29. gxf3 Qh3 $17) 28... Qg4 (28... exf4 $17 29. g3 (29. Bxf6 fxg2 30. Rb3 Rg6 $17) 29... Bxb2 30. gxh4 Nh3) 29. h3 Nxh3 $1 (29... Qxf4 $6 30. g3 $16) 30. Nxh3 fxg2 31. Nf2 (31. Rbe1 $11 {remains equal.}) 31... Qg3 $1 $17 32. Qe2 $2 (32. Qxg3 Rxg3 33. Nf1) 32... Bg5 $2 (32... Rf8 $1 $19 {has better winning chances. Strongly threatening ...Bg5.} 33. Nd3 Bg5) 33. Nc4 $2 (33. Nf1 $17 gxf1=B 34. Rbxf1) 33... Rf8 $19 34. Nd3 Bf6 $2 (34... Rgf7 $19 35. Qxh5 Rf2+ 36. Kc3 (36. Nxf2 Rxf2+) 36... b5) 35. Ne3 $1 $15 (35. Qxh5 $2 Nf3 36. Bc3 b5 $19) 35... Be7 36. Bc3 $1 (36. Nxg2 $2 Nxg2 37. Rbd1 (37. Qxh5 $2 Qxd3+ 38. Kxd3 Nf4+ 39. Kc4 Nxh5 $19) 37... h4 $19) 36... Rf3 37. Bd2 b5 38. a3 a6 39. Rbe1 {[%emt 0:00:04] [#]} (39. Rbd1 $11) 39... Qh3 (39... Rxe3 $1 $17 40. Bxe3 (40. Qxe3 Nf3 $17) 40... Nf3) 40. Qd1 $2 {[%emt 0:00:10][%mdl 8192] [#]} (40. Rd1 $11 {and White stays safe.}) 40... Rgg3 (40... Bg5 $1 $19 {[%cal Rg5e3] is more deadly.} 41. Qe2 Bxe3 42. Bxe3 Rgg3) 41. Re2 $2 (41. Qe2 $17) 41... Bg5 $19 42. Be1 $2 (42. Nxg2 Rxd3 (42... Nxg2 43. Nf2 $14) 43. Nxh4 Qxh4 44. Rxg3 Qxg3 (44... Rxg3 45. Be1 $11) 45. Be1 Rxd1 46. Bxg3 Rc1+ 47. Kb2) 42... Rxe3 43. Bxg3 Rxg3 44. Rf2 Nf3 45. Rxf3 Rxf3 46. Qe2 Rg3 47. Qd1 Qg4 (47... Be3 $142 48. Re1 g1=Q (48... g1=R {leads to mate.} 49. Rxg1 Rxg1 50. Qe2 Bd4 51. Qd2 Rg2 52. Kd1 Rxd2+ 53. Kxd2 Qe3+ 54. Kc2 Qe2+ 55. Kc1 Qxd3 56. a4 bxa4 57. b5 a3 58. bxa6 Be3#) 49. Rxg1 Rxg1 50. Qe2 Bd4 51. Qd2 Rg2 52. Kd1 Rxd2+ 53. Kxd2 Qg2+ (53... Qe3+ {gets mated.} 54. Kc2 a5 55. bxa5 Qe2+ 56. Kc1 Qxd3 57. a6 Bc3 58. a7 Qd2+ 59. Kb1 Qb2#) 54. Kd1 Bc3 (54... Qxe4 {is a self mate.} 55. Kd2 Qe3+ 56. Kc2 Qe2+ 57. Kc1 Qxd3 58. a4 bxa4 59. b5 a3 60. bxa6 Be3#) 55. Kc1 Qd2+ (55... Qxe4 56. Kc2 Qd4 57. a4 e4 58. Kc1 exd3 59. Kb1 Qf2 60. axb5 Qc2#) 56. Kb1 Qxd3+ 57. Kc1 Qd2+ 58. Kb1 Qb2#) 48. Qe1 h4 0-1

[Event "CCT Chessable Masters D-II 2024"]
[Site "Online"]
[Date "2024.02.03"]
[Round "2"]
[White "Sibelephant"]
[Black "Nakamura, Hikaru"]
[Result "1/2-1/2"]
[ECO "E06"]
[WhiteElo "2793"]
[BlackElo "2788"]
[Annotator "TA"]
[PlyCount "63"]
[EventDate "2024.01.12"]
[EventType "k.o."]
[EventCountry "NET"]
[SourceTitle "playchess.com"]
[Source "ChessBase"]
[SourceQuality "1"]
[TimeControl "600+2"]

1. Nf3 Nf6 2. c4 e6 3. g3 d5 4. Bg2 Be7 5. d4 O-O 6. Nc3 dxc4 7. Ne5 c5 8. dxc5 Qxd1+ 9. Nxd1 Bxc5 10. O-O Nc6 11. Bxc6 bxc6 12. Be3 Bb6 13. Bxb6 axb6 14. Nc3 Nd5 15. Nxc6 Nxc3 16. bxc3 f6 17. Rfb1 Ra6 18. Rb4 e5 19. Ne7+ $1 Kf7 20. Nd5 Be6 21. Rxb6 Ra7 22. Nb4 Ra3 23. Rc1 Rd8 24. f3 e4 25. Kf2 ({White should try} 25. Rb7+ $16 Kf8 26. fxe4) 25... exf3 $11 {[%emt 0:00:06] The position is equal.} 26. Kxf3 h5 27. Rc2 Bg4+ 28. Ke3 Bf5 29. Rc1 Bg4 30. Rc2 Bf5 31. Rc1 Bg4 32. Rc2 {[%emt 0:00:06] Weighted Error Value: White=0.05 (flawless) /Black=0.05 (flawless) .  Mistake:       	White=1     	---        Inaccurate:     	---       	Black=2      OK:         	White=11    	Black=11     Best:        	---       	Black=1      Strong:       	White=1     	---} 1/2-1/2

[Event "CCT Chessable Masters D-II 2024"]
[Site "Online"]
[Date "2024.02.03"]
[Round "2"]
[White "Nakamura, Hikaru"]
[Black "Sibelephant"]
[Result "0-1"]
[ECO "C45"]
[WhiteElo "2788"]
[BlackElo "2791"]
[Annotator "TA"]
[PlyCount "98"]
[EventDate "2024.01.12"]
[EventType "k.o."]
[EventCountry "NET"]
[SourceTitle "playchess.com"]
[Source "ChessBase"]
[SourceQuality "1"]
[TimeControl "600+2"]

1. e4 e5 2. Nf3 Nc6 3. d4 exd4 4. Nxd4 Bc5 5. Nxc6 Qf6 6. Be3 {[%emt 0:00:35] C45: Scotch Game.} Bxe3 7. fxe3 bxc6 8. Qd4 c5 9. Qc3 Rb8 $146 ({Predecessor:} 9... Qh4+ 10. Kd2 Nf6 11. Qe5+ Kd8 12. Bd3 Re8 13. Qxc5 Nxe4+ 14. Bxe4 Qxe4 15. Rg1 Re5 {0-1 Kollmer,O (1029)-Hasanovic,A (1339) GER-chT U12 Magdeburg 2023 (7.1)}) 10. e5 Qh4+ 11. g3 Qe4 12. Rg1 Qb4 (12... Rxb2 $17 13. Rg2 Qb4 14. Qxb4 Rxb4 (14... cxb4 15. Kd1 $16)) 13. b3 (13. Qxb4 {simplifies} cxb4 14. Nd2 Ne7 15. Nc4) 13... Ne7 14. a3 {[%emt 0:00:08] [#]} (14. Qxb4 $11 {remains equal.} cxb4 (14... Rxb4 15. Nc3 $11) 15. a3) 14... Qxc3+ $1 $17 15. Nxc3 Ng6 16. Nb5 Nxe5 17. O-O-O Rb7 18. a4 a6 19. Na3 Rb8 20. Be2 (20. Nc4 $142 f6 21. Nxe5 fxe5 22. Bc4) 20... d6 $17 21. Kb2 Ke7 22. Rd2 (22. Nc4 $17 {was called for.} Nxc4+ 23. Bxc4) 22... Bg4 23. Bxa6 (23. Nc4 $17 Bxe2 24. Nxe5 dxe5 25. Rxe2) 23... Nf3 $19 24. Rgg2 Nxd2 25. Rxd2 Be6 26. Be2 d5 27. Kc3 c6 28. Rd1 Rhd8 29. Bd3 f5 30. Ra1 Kd6 31. Nb1 g5 32. Nd2 Ke5 33. Nf3+ Kf6 34. Rf1 h6 35. g4 f4 (35... fxg4 36. Nd4+ Ke7 37. Nxc6+ Kd6 38. Nxd8 Rxd8 39. Rf6 $11) (35... Re8 $19 {has better winning chances. White must now prevent ...Bd7.} 36. Ng1 c4 37. bxc4 dxc4 38. Bxf5 Bxf5 39. Rxf5+ Kg6) 36. exf4 $17 gxf4 (36... Bxg4 37. fxg5+ hxg5 38. Nd4+ Ke7 (38... Kg7 $2 39. Nxc6 d4+ 40. Kb2 $18) 39. Nxc6+ Kd6 40. Nxd8 (40. Nxb8 Rxb8 41. a5 Bd7 $18) 40... Rxd8 41. Rg1 $18) 37. h3 (37. Nh4 $142) 37... d4+ ({Black should play} 37... Ra8 {[%cal Oc5c4] Threatens to win with ...c4!} 38. Ne1 h5 39. gxh5 Ke7 (39... Bxh3 40. Rxf4+ Ke7 41. h6 $11)) 38. Kd2 $17 c4 39. bxc4 {[%emt 0:00:11] [#]} Rb4 $1 40. Nh4 Bxc4 41. Rxf4+ Kg5 42. Ng2 Bxd3 ({Weaker is} 42... Rxa4 43. h4#) 43. Kxd3 Rxa4 44. Rf5+ Kg6 45. Nf4+ Kh7 46. Rf7+ (46. h4 $142) 46... Kg8 $19 47. Rc7 Ra3+ 48. Ke4 $2 (48. Kd2) 48... Re3+ $19 49. Kf5 Rf8+ 0-1